 Dungeon Crawl Stone Soup version 0.21-a0-440-g28109cb (webtiles) character file.

190 slep the Covered (level 5, -8/42 HPs)
             Began as a Barachi Fighter on Nov 11, 2017.
             Killed from afar by Dowan (11 damage)
             ... with a puff of flame
             ... on level 4 of the Dungeon.
             The game lasted 00:11:59 (2199 turns).

slep the Covered (Barachi Fighter)                  Turns: 2199, Time: 00:12:00

Health: -8/42      AC:  7    Str: 17    XL:     5   Next: 69%
Magic:  5/5        EV:  9    Int:  9    God:
Gold:   160        SH:  9    Dex: 12    Spells: 4/4 levels left

rFire    . . .     SeeInvis .   a - +0 long sword
rCold    . . .     Gourm    .   c - +0 shield
rNeg     . . .     Faith    .   C - -1 ring mail (curse)
rPois    .         Spirit   .   (no helmet)
rElec    .         Reflect  .   (no cloak)
rCorr    .         Harm     .   o - +0 pair of gloves
MR       .....                  j - +0 pair of boots (curse)
Stlth    +.........             (no amulet)
HPRegen  0.14/turn              q - ring of wizardry
MPRegen  0.09/turn              (no ring)

@: slow
A: +LOS, swims, slowness 1, strong legs 1
a: Hop


You were on level 4 of the Dungeon.
You were hungry.

You visited 1 branch of the dungeon, and saw 4 of its levels.
You also visited: Sewer.

You collected 160 gold pieces.

Inventory:

Hand Weapons
 a - a +0 long sword (weapon)
 i - a +2 short sword of electrocution
Armour
 b - a +0 scale mail
 c - a +0 shield (worn)
 j - a cursed +0 pair of boots (worn)
 o - a +0 pair of gloves (worn)
 C - a cursed -1 ring mail (worn)
Jewellery
 q - a ring of wizardry (left hand)
Scrolls
 e - 4 scrolls of identify {unknown}
 n - a scroll of fear {unknown}
 s - 3 scrolls of magic mapping {unknown}
 t - 6 scrolls of teleportation {unknown}
 u - a scroll of blinking {unknown}
 v - a scroll of enchant armour {unknown}
 w - a scroll of noise {unknown}
 y - a scroll of fog {unknown}
 z - a scroll of remove curse {unknown}
Potions
 d - 2 potions of might
 h - a potion of brilliance {unknown}
 k - 2 potions of degeneration {unknown}
 l - 2 potions of lignification {unknown}
 m - 2 potions of haste {unknown}
 p - 3 potions of mutation {unknown}
 r - 2 potions of ambrosia {unknown}
 x - a potion of agility {unknown}
 B - 2 potions of curing {unknown}
Comestibles
 f - 4 bread rations
 g - 2 fruits
 A - a meat ration


   Skills:
 + Level 4.1 Fighting
 + Level 4.2 Long Blades
 + Level 5.1 Armour
 + Level 1.5 Dodging
 + Level 4.2 Shields


You had 4 spell levels left.
You didn't know any spells.

Dungeon Overview and Level Annotations

Branches:
Dungeon (4/15)
 Temple: D:4-7

Altars:
Ashenzari
Fedhas
Makhleb
Qazlal
Zin

Annotations:
D:4 Dowan, Duvessa


Innate Abilities, Weirdness & Mutations

Shadows flee at your approach. (+LOS)
You can swim through water.
You cover ground slowly.
You can hop short distances.


Message History

Duvessa is severely wounded.
Duvessa hits you with a rapier. Dowan hits you but does no damage.
You block Dowan's attack. Duvessa barely misses you.
You hit Duvessa.
Duvessa is severely wounded.
Duvessa gestures with her weapon.
Duvessa hits you with a rapier. Dowan casts a spell at you.
The puff of flame hits you!
You hit Duvessa.
Duvessa is severely wounded.
You block Duvessa's attack. Duvessa hits you with a rapier!
* * * LOW HITPOINT WARNING * * *
You block Dowan's attack.
Your shield and ring mail prevent you from hitting Duvessa.
Duvessa is severely wounded.
Duvessa hits you but does no damage.
Dowan points at you and mumbles some strange words.
The puff of flame hits you!
You die...

. #.. # # ##.#####.# #
......#.# ##### #.##..#.#
....########.##.##.#
###........#.......#
.##........#.......###
.##........#.....(...#...
<##.............@e.......
.##........#...e..<..#...
...........#........%#
####.......#...........#
##>....##........##.#
#.............#.# #
#################


You could see Duvessa and Dowan.

Vanquished Creatures
  A bullfrog skeleton (D:3)
  An orc wizard (D:3)
  4 adders
  A river rat (Sewer)
  2 oozes
  3 dart slugs
  3 leopard geckos
  6 orcs (D:3)
  A giant cockroach (D:1)
  3 hobgoblins
  4 jackals (D:3)
  8 ball pythons
  6 bats
  7 frilled lizards
  3 goblins
  11 kobolds
  9 rats
73 creatures vanquished.

Notes
Turn   | Place    | Note
-------+----------+-------------------------------------------
     0 | D:1      | slep the Barachi Fighter began the quest for the Orb.
     0 | D:1      | Reached XP level 1. HP: 18/18 MP: 1/1
   182 | D:1      | Reached XP level 2. HP: 6/25 MP: 2/2
   336 | D:1      | Reached skill level 4 in Armour
   480 | D:1      | Reached XP level 3. HP: 28/30 MP: 3/3
   913 | D:2      | Found a blossoming altar of Fedhas.
  1206 | D:3      | Reached skill level 1 in Dodging
  1206 | D:3      | Reached XP level 4. HP: 29/37 MP: 4/4
  1279 | D:3      | Reached XP level 5. HP: 28/42 MP: 5/5
  1315 | D:3      | Noticed a balrug
  1317 | D:3      | Found a burning altar of Makhleb.
  1320 | D:3      | Found a glowing silver altar of Zin.
  1320 | D:3      | Noticed an angel
  1393 | D:3      | Found a glowing drain.
  1395 | D:3      | Reached skill level 5 in Armour
  1448 | Sewer    | Entered a sewer
  2134 | D:3      | Found a stormy altar of Qazlal.
  2136 | D:3      | Found a shattered altar of Ashenzari.
  2182 | D:4      | Noticed Duvessa
  2184 | D:4      | Noticed Dowan
  2199 | D:4      | Killed from afar by Dowan

Vault maps used:
D:1:      dpeg_arrival_radiant
D:2:      lemuel_doored_altar
D:3:      grunt_temple_overflow_order_and_chaos_2,
          nicolae_overflow_hidden_temple, cheibrodos_sewer_entry_drain
D:4:      nicolae_dithmenos_through_a_glass_darkly, temple_hall_moat,
          first_bread, uniq_duvessa
Sewer:    sewer_co_cracked_pipes

Skill      XL: |  1  2  3  4  5 |
---------------+----------------+-----
Armour         | 4 5 |  5.1
Long Blades    | 3 4 |  4.2
Dodging        | 1 |  1.5
Shields        | 4 |  4.2
Fighting       | 4 |  4.1

Action                   |  1- 3 |  4- 6 || total
-------------------------+-------+-------++-------
Melee: Long sword        |    90 |   177 ||   267
  Eat: Chunk             |     1 |     4 ||     5
Armor: Scale mail        |    51 |    66 ||   117
       Ring mail         |       |     8 ||     8
Dodge: Dodged            |    35 |    61 ||    96
Block: Shield            |    67 |    81 ||   148
       Rpst.: Long sword |     9 |    22 ||    31

Table legend:
 A = Spawn XP
 B = Non-spawn XP
 C = Spawn XP percentage of total XP
 D = Spawn monster count
 E = Non-spawn monster count
 F = Spawn count percentage of total count
 G = Total turns spent on level
                    A         B        C        D         E        F      G
               +---------+---------+-------+---------+---------+-------+---------
         Total |       0 |     272 |   0.0 |       0 |      73 |   0.0 |  2199
               +---------+---------+-------+---------+---------+-------+---------
           D:1 |       0 |      38 |   0.0 |       0 |      21 |   0.0 |   728
           D:2 |       0 |      35 |   0.0 |       0 |       6 |   0.0 |   467
           D:3 |       0 |     162 |   0.0 |       0 |      30 |   0.0 |   619
           D:4 |       0 |       7 |   0.0 |       0 |       1 |   0.0 |    40
         Sewer |       0 |      30 |   0.0 |       0 |      15 |   0.0 |   345
               +---------+---------+-------+---------+---------+-------+---------
